 Dungeon Crawl Stone Soup version 0.30-a0-304-gdc4b735fe1 (webtiles) character file.

Game seed: 13854418743981904714

40 MrRokkomies the Sneak (level 3, -2/32 HPs)
             Began as an Armataur Brigand on Oct 20, 2022.
             Slain by Terence
             ... wielding a +0 flail
              (7 damage)
             ... on level 2 of the Dungeon.
             The game lasted 00:02:41 (1219 turns).

MrRokkomies the Sneak (Armataur Brigand)            Turns: 1219, Time: 00:02:42

Health: -2/32      AC: 10    Str: 18    XL:     3   Next: 30%
Magic:  3/3        EV:  9    Int: 11    God:
Gold:   109        SH:  0    Dex: 11    Spells: 2/2 levels left

rFire   . . .      SeeInvis .    a - +2 dagger (speed)
rCold   . . .      Faith    .    (no shield)
rNeg    . . .      Spirit   .    b - +0 robe
rPois   +          Reflect  .    n - +0 hat
rElec   .          Harm     .    c - +0 cloak
rCorr   .          Roll     +    l - +0 pair of gloves
Will    .....                    (no barding)
Stlth   +++.......               (no amulet)
HPRegen 0.25/turn                f - +4 ring of protection
MPRegen 0.08/turn                i - ring of poison resistance

@: no status effects
A: large, rugged brown scales 3, deformed body, armoured tail, roll, long
tongue, awkward tongue
a: no special abilities


You were on level 2 of the Dungeon.
You visited 1 branch of the dungeon, and saw 2 of its levels.

You collected 109 gold pieces.

Inventory:

Hand Weapons
 a - a +2 dagger of speed (weapon)
 m - a +3 dagger
Missiles
 d - 9 poisoned darts (quivered)
 e - 3 curare-tipped darts
Armour
 b - a +0 robe (worn)
 c - a +0 cloak (worn)
 l - a +0 pair of gloves (worn)
 n - a +0 hat (worn)
Jewellery
 f - a +4 ring of protection (left hand)
 i - a ring of poison resistance (right hand)
Scrolls
 o - a scroll of vulnerability {unknown}
Potions
 g - 2 potions of curing {unknown}
 h - 2 potions of flight {unknown}
 j - a potion of berserk rage {unknown}
 k - a potion of resistance {unknown}


   Skills:
 * Level 2.5 Fighting
 * Level 2.3 Short Blades
 - Level 1.7 Throwing
 + Level 1.1 Dodging
 + Level 4.6 Stealth


You had 2 spell levels left.
You didn't know any spells.
Your spell library was empty.

Dungeon Overview and Level Annotations

Branches:
Dungeon (2/15)

Altars:

Annotations:
D:2 Terence


Innate Abilities, Weirdness & Mutations

You are completely covered in rugged brown scales. (AC +3, +7% HP)
Armour fits poorly on your strangely shaped body.
You have a long armoured tail.
You roll when moving toward enemies. (Rampage)
Your long tongue fully drains potion bottles. (2x potion effects)
Your tongue gives you trouble enunciating. (1.5x scroll delay)


Message History

Terence is heavily wounded.
You barely miss Terence.
Terence is heavily wounded.
Terence hits you with a +0 flail.
You hit Terence.
Terence is severely wounded.
You hit Terence but do no damage.
Terence is severely wounded.
Terence hits you with a +0 flail.
You hit Terence but do no damage.
Terence is severely wounded.
Terence closely misses you.
You hit Terence but do no damage.
Terence is severely wounded.
You hit Terence.
Terence is severely wounded.
Terence completely misses you.
You barely miss Terence.
You tail-slap Terence, but do no damage.
Terence is severely wounded.
You barely miss Terence.
Terence is severely wounded.
Terence hits you with a +0 flail!
* * * LOW HITPOINT WARNING * * *
You hit Terence but do no damage.
Your tail-slap misses Terence.
Terence is severely wounded.
You closely miss Terence.
Terence is severely wounded.
Terence hits you with a +0 flail.
* * * LOW HITPOINT WARNING * * *
You hit Terence. Your punch misses Terence.
Terence is almost dead.
You hit Terence but do no damage.
Terence is almost dead.
Terence says, "Did you write a will?
You should..."
Terence barely misses you.
You hit Terence but do no damage.
Terence is almost dead.
Terence hits you with a +0 flail!
You die...

#.##.###.# #.# #.##.# .#
##'## #....# ##...##
#.#### ##.....## #
#.##.###.##.......#.#
####........#..........#
............+.............
.###.#...####..........##.
.# #.##.## ##..@....#.#
.###.#### ##.@...##.#
..†.....# ##...## .
..##.....# ##+##
..##.###.# #.##.# # #.##.#
#.##.. #.....


You could see Terence.

Vanquished Creatures
  A worm (D:2)
  4 dart slugs
  4 endoplasms
  A goblin (D:1)
  3 hobgoblins (D:1)
  3 kobolds
  A quokka (D:1)
  3 ball pythons (D:1)
  A bat (D:1)
  3 frilled lizards
  5 rats (D:1)
29 creatures vanquished.

Notes
Turn   | Place    | Note
-------+----------+-------------------------------------------
     0 | D:1      | MrRokkomies the Armataur Brigand began the quest for the
                  | Orb.
     0 | D:1      | Reached XP level 1. HP: 18/18 MP: 1/1
   213 | D:1      | Reached XP level 2. HP: 25/25 MP: 2/2
   436 | D:1      | Reached skill level 1 in Dodging
   835 | D:2      | Reached XP level 3. HP: 32/32 MP: 3/3
  1188 | D:2      | Noticed Terence
  1219 | D:2      | Slain by Terence

Illustrated notes

Levels and vault maps discovered:
D:1:      kennysheep_arrival_forest, layout_loops_cross, serial_glass,
          glass_columns_c, glass_columns_a
D:2:      layout_loops_corners, basic_altar, minmay_pentomino_p4, uniq_terence

Skill      XL: |  1  2 |
---------------+-------+-----
Fighting       | 2 |  2.5
Short Blades   | 2 |  2.3
Dodging        | 1 |  1.1
Throwing       | |  1.7
Stealth        | |  4.6

Action                   || total
-------------------------++-------
Melee: Dagger            ||    94
       Tailslap          ||     6
       Punch             ||     1
 Stab: Sleeping          ||    10
Armor: Robe              ||    13
Dodge: Dodged            ||    28

Table legend: (Time is in decaauts)
 A = Elapsed time spent in this place.
 B = Non-inter-level travel time spent in this place.
 C = Inter-level travel time spent in this place.
 D = Time resting spent in this place.
 E = Time spent auto-exploring this place.
 F = Levels seen in this place.
 G = Mean time per level.
                   A        B        C        D        E       F      G
               +--------+--------+--------+--------+--------+-----+--------+
         Total |   1196 |   1149 |     47 |      0 |    922 |   2 |  598.0 |
       Dungeon |   1196 |   1149 |     47 |      0 |    922 |   2 |  598.0 |
               +--------+--------+--------+--------+--------+-----+--------+

Top non-repeatable levels by time:
     D:1: 725 daAuts
     D:2: 471 daAuts
